 Dungeon Crawl Stone Soup version 0.26.1-11-gd32895ea62 (webtiles) character file.

Game seed: 18138262440285164811

5063 Fusha the Slicer (level 10, 0/76 HPs)
             Began as a Human Brigand on June 6, 2021.
             Succumbed to a soldier ant's poison
             ... on level 9 of the Dungeon.
             The game lasted 00:51:29 (12441 turns).

Fusha the Slicer (Human Brigand)                   Turns: 12441, Time: 00:51:30

Health: 0/76       AC:  9    Str: 12    XL:     10   Next: 86%
Magic:  10/10      EV: 13    Int: 12    God:
Gold:   475        SH:  0    Dex: 17    Spells: 9/9 levels left

rFire    . . .     SeeInvis .   t - +0 rapier
rCold    . . .     Faith    +   (no shield)
rNeg     . . .     Spirit   .   g - +0 ring mail
rPois    .         Reflect  .   (no helmet)
rElec    .         Harm     .   c - +0 cloak
rCorr    +         Rampage  .   (no gloves)
Will     +....                  (no boots)
Stlth    +++.......             r - amulet of faith
HPRegen  0.22/turn              (no ring)
MPRegen  0.12/turn              l - ring of resist corrosion

@: lethally poisoned (0 -> -8), invisible
A: iridescent scales 1, strong-willed 1
a: no special abilities


You were on level 9 of the Dungeon.
You visited 2 branches of the dungeon, and saw 10 of its levels.
You also visited: Sewer.

You collected 475 gold pieces.

Inventory:

Hand Weapons
 a - a +2 dagger
 t - a +0 rapier (weapon)
Missiles
 e - 9 curare-tipped darts {!Q}
 y - 9 boomerangs (quivered)
 E - 2 silver boomerangs {!Q}
Armour
 b - a +0 robe
 c - a +0 cloak (worn)
 g - a +0 ring mail (worn)
Jewellery
 l - a ring of resist corrosion (right hand)
 o - an uncursed ring of fire
 r - an amulet of faith (around neck)
Wands
 m - a wand of acid (4)
 q - a wand of disintegration (13)
 D - a wand of enslavement (7)
Scrolls
 d - a scroll of enchant weapon {unknown}
 f - 5 scrolls of remove curse
 h - a scroll of noise {unknown}
 p - a scroll of identify
 x - a scroll of blinking
 A - a scroll of fog {unknown}
 B - a scroll of fear {unknown}
 C - a scroll of vulnerability
Potions
 j - 3 potions of flight
 k - a potion of cancellation
 z - a potion of haste


   Skills:
 + Level 6.2 Fighting
 + Level 9.2 Short Blades
 + Level 5.8 Throwing
 - Level 4.1 Armour
 + Level 4.8 Dodging
 + Level 7.7 Stealth
 + Level 2.7 Evocations


You had 9 spell levels left.
You didn't know any spells.
Your spell library contained the following spells:

 Spells                   Type           Power        Failure   Level
 Summon Small Mammal      Summ           0%           56%         1
 Call Imp                 Summ           0%           71%         2
 Call Canine Familiar     Summ           0%           91%         3
 Summon Guardian Golem    Hex/Summ       0%           91%         3
 Summon Ice Beast         Ice/Summ       0%           100%        4
 Summon Lightning Spire   Summ/Air       0%           100%        4


Dungeon Overview and Level Annotations

Branches:
Dungeon (9/15)             Temple (1/1) D:5           Sewer (visited)
   Lair: D:8-11         Orc: D:9-12

Altars:
Ashenzari
Cheibriados
Elyvilon
Fedhas
Gozag
Makhleb
Nemelex Xobeh
Okawaru
Qazlal
Ru
Trog
Uskayaw
Wu Jian
Xom
Yredelemnul
Zin
The Shining One

Shops:
D:6 (   D:8 }(:


Innate Abilities, Weirdness & Mutations

You are partially covered in iridescent scales. (AC +2)
You are strong-willed. (Will+)


Message History

You feel sick.
* * * LOW HITPOINT WARNING * * *
You feel sick.
There is an open door here.
* * * LOW HITPOINT WARNING * * *
You feel sick.
* * * LOW HITPOINT WARNING * * *
You feel sick.
* * * LOW HITPOINT WARNING * * *
You feel sick.
* * * LOW HITPOINT WARNING * * *
You feel sick.
* * * LOW HITPOINT WARNING * * *
You feel sick.
* * * LOW HITPOINT WARNING * * *
You feel sick.
There is an open door here.
Okay, then.
You fade into invisibility!
You die...

.# .# ..#
+###########.#
........<....#
.............#
.......<.....#
#########@####
#......#
#......#
#......#
#....###
#....# #....#
#....# ######


There were no monsters in sight!

Vanquished Creatures
  A two-headed ogre (D:8)
  Sigmund (D:3)
  A wyvern (D:8)
  A steam dragon (D:7)
  13 soldier ants (D:8)
  Purgy (Sewer)
  An orc warrior (D:8)
  An ice beast (D:5)
  A phantom (D:7)
  A sky beast (D:7)
  An ogre (D:7)
  4 centaurs
  A big kobold (D:4)
  2 bullfrogs
  A gnoll sergeant (D:6)
  3 scorpions
  A howler monkey (D:4)
  2 bullfrog skeletons
  4 hounds
  A jelly (D:7)
  3 orc priests
  Jessica (D:3)
  2 iguanas
  2 orc wizards (D:5)
  12 worker ants
  2 hound zombies
  4 hound skeletons
  Robin (D:3)
  14 adders
  10 gnolls
  A shadow imp (D:5)
  4 white imps
  4 ufetubi
  An adder zombie (D:6)
  4 oozes
  3 adder skeletons
  A worm (D:5)
  A dart slug (D:1)
  2 leopard geckos
  19 orcs
  A ball python (D:3)
  8 bats
  7 giant cockroaches
  12 goblins
  9 hobgoblins
  9 jackals
  16 kobolds
  3 quokkas
  5 frilled lizards
  A jackal zombie (D:8)
  A quokka skeleton (D:5)
  A quokka zombie (D:7)
  9 rats
215 creatures vanquished.

Notes
Turn   | Place    | Note
-------+----------+-------------------------------------------
     0 | D:1      | Fusha the Human Brigand began the quest for the Orb.
     0 | D:1      | Reached XP level 1. HP: 16/16 MP: 1/1
   215 | D:1      | Reached XP level 2. HP: 20/22 MP: 2/2
   519 | D:1      | Reached XP level 3. HP: 27/27 MP: 3/3
  1616 | D:2      | Found a snail-covered altar of Cheibriados.
  1726 | D:2      | Reached skill level 1 in Armour
  1726 | D:2      | Reached XP level 4. HP: 33/33 MP: 4/4
  1729 | D:2      | Found a hide-covered altar of Uskayaw.
  1930 | D:2      | Reached skill level 5 in Stealth
  2097 | D:2      | Reached XP level 5. HP: 25/39 MP: 5/5
  2269 | D:2      | Found an opulent altar of Gozag.
  2504 | D:2      | Found an ornate altar of the Wu Jian Council.
  2654 | D:3      | Noticed a bullfrog
  2697 | D:3      | Noticed Sigmund
  2703 | D:3      | Killed Sigmund
  2704 | D:3      | Reached skill level 3 in Short Blades
  2704 | D:3      | Reached XP level 6. HP: 38/46 MP: 6/6
  2778 | D:3      | Found a sparkling altar of Nemelex Xobeh.
  2856 | D:3      | Noticed Jessica
  2885 | D:3      | Killed Jessica
  2886 | D:3      | Reached XP level 7. HP: 29/51 MP: 7/7
  3854 | D:4      | Noticed Robin
  4053 | D:3      | Killed Robin
  4222 | D:4      | Reached skill level 4 in Short Blades
  4702 | D:4      | Reached XP level 8. HP: 45/58 MP: 8/8
  5308 | D:5      | Entered Level 5 of the Dungeon
  6276 | D:5      | Reached skill level 5 in Short Blades
  6345 | D:5      | Found a staircase to the Ecumenical Temple.
  6360 | Temple   | Entered the Ecumenical Temple
  6883 | D:5      | Found a blossoming altar of Fedhas.
  7048 | D:5      | Reached skill level 1 in Evocations
  7220 | D:5      | Gained mutation: You are strong-willed. (Will+) [potion of
                  | mutation]
  7220 | D:5      | Gained mutation: You are partially covered in iridescent
                  | scales. (AC +2) [potion of mutation]
  7413 | D:5      | Reached XP level 9. HP: 50/65 MP: 9/9
  8153 | D:6      | Found a glowing drain.
  8242 | Sewer    | Entered a sewer
  8441 | Sewer    | Noticed Purgy
  8443 | Sewer    | Killed Purgy
  8444 | Sewer    | Reached skill level 6 in Short Blades
  8540 | D:6      | Found Atynig's Weapon Boutique.
  9224 | D:7      | Reached skill level 5 in Fighting
  9370 | D:7      | Found a stormy altar of Qazlal.
  9664 | D:7      | Reached skill level 7 in Short Blades
  9876 | D:7      | Found a white marble altar of Elyvilon.
 10902 | D:8      | Found Ythrytays's Antique Weapon Emporium.
 10905 | D:8      | Found Yrchaan's Gadget Shoppe.
 10924 | D:8      | Reached XP level 10. HP: 74/74 MP: 10/10
 10941 | D:8      | Reached skill level 8 in Short Blades
 11128 | D:8      | Noticed a two-headed ogre
 11131 | D:8      | Found Gimiy's Book Emporium.
 11223 | D:8      | Killed a two-headed ogre
 11547 | D:8      | Reached skill level 9 in Short Blades
 11547 | D:8      | Reached skill level 5 in Throwing
 12437 | D:9      | HP: 3/76 [poisoned by a soldier ant]
 12440 | D:9      | HP: 1/76 [poisoned by a soldier ant]
 12441 | D:9      | Succumbed to a soldier ant's poison

Illustrated notes

Levels and vault maps discovered:
D:1:      psy_arrival_basics, layout_basic, serial_park_tiny_1
D:2:      layout_basic, nzn_wu_jian_council_hall, grunt_gozag_statues,
          eat_drink_and_be_merry_uskayaw, cheibriados_altar_1, chequers_avenue,
          chequers_serial_rivers_large_a, minmay_door_square
D:3:      layout_loops_cross, lemuel_round_altar, uniq_sigmund, uniq_jessica
D:4:      minmay_recursive_quarters, layout_loops_ring, uniq_robin
D:5:      layout_loops_ring, fedhas_bush_and_centaur_altar, temple_statues,
          nrook_campfire
D:6:      layout_rooms, gup_sewer_entry_glass, serial_shops,
          nicolae_shop_behind_doors
D:7:      layout_basic, lemuel_doored_altar, nicolae_qazlal_style_of_elements,
          minmay_misc_feat_alley
D:8:      layout_basic, palyth_temple_overflow_mages,
          nzn_hepliaklqana_mist_gate, serial_shops, shop, shop, shop, shop,
          minivault_29, uniq_pikel
D:9:      layout_grid_maze, nicolae_overflow_crystal_walls, nrook_mini_backslash
Temple:   grunt_temple_mini_profane

Skill      XL: |  1  2  3  4  5  6  7  8  9 10 |
---------------+-------------------------------+-----
Armour         | 1 2 3 4 |  4.1
Stealth        | 5 6 7 |  7.7
Short Blades   | 3 4 5 7 9 |  9.2
Dodging        | 2 3 4 |  4.8
Throwing       | 3 4 5 |  5.8
Fighting       | 3 4 5 6 |  6.2
Evocations     | 1 2 |  2.7

Action                   |  1- 3 |  4- 6 |  7- 9 | 10-12 || total
-------------------------+-------+-------+-------+-------++-------
Melee: Dagger            |   150 |    93 |   386 |       ||   629
       Rapier            |       |       |   328 |   113 ||   441
Throw: Dart              |       |    17 |    38 |    28 ||    83
       Boomerang         |       |       |    13 |     8 ||    21
Evoke: Wand              |       |       |    19 |    22 ||    41
  Use: Scroll            |       |     2 |    12 |     2 ||    16
       Potion            |       |       |     7 |     4 ||    11
 Stab: Sleeping          |     8 |     4 |    22 |     2 ||    36
       Distracted        |       |       |     1 |       ||     1
Armor: Robe              |    17 |       |       |       ||    17
       Ring mail         |    24 |    28 |   211 |    29 ||   292
Dodge: Dodged            |    77 |    27 |   347 |    53 ||   504
